 Dungeon Crawl Stone Soup version 0.23.2-1-ga50397a6bc (webtiles) character file.

Game seed: 3400612076884998952

36 Gordogan the Charlatan (level 3, -4/23 HPs)
             Began as an Octopode Artificer on May 2, 2019.
             Slain by a worm (10 damage)
             ... on level 2 of the Dungeon.
             The game lasted 00:07:02 (1042 turns).

Gordogan the Charlatan (Octopode Artificer)         Turns: 1042, Time: 00:07:03

Health: -4/23      AC:  1    Str: 12    XL:     3   Next: 37%
Magic:  6/6        EV: 13    Int: 13    God:
Gold:   55         SH:  3    Dex: 12    Spells: 2/2 levels left

rFire    . . .     SeeInvis .   a - +0 short sword
rCold    . . .     Gourm    .   g - +0 buckler
rNeg     . . .     Faith    .   (helmet restricted)
rPois    .         Spirit   .   (no amulet)
rElec    .         Reflect  .   (no ring)
rCorr    .         Harm     .   (no ring)
MR       .....                  (no ring)
Stlth    +++.......             (no ring)
HPRegen  0.07/turn              (no ring)
MPRegen  0.10/turn              (no ring)
                                (no ring)
                                (no ring)

@: lethally poisoned (-4 -> -5)
A: almost no armour, stealthy swim, amphibious, 8 rings, constrict 8, camouflage
1, gelatinous body 1
a: no special abilities


You were on level 2 of the Dungeon.
You were not hungry.

You visited 1 branch of the dungeon, and saw 2 of its levels.

You collected 55 gold pieces.

Inventory:

Hand Weapons
 a - a +0 short sword (weapon)
Missiles
 l - 57 stones (quivered)
Armour
 g - a +0 buckler (worn)
Wands
 b - a wand of flame (15)
 c - a wand of enslavement (15)
 d - a wand of random effects (15)
Scrolls
 h - a scroll of enchant armour {unknown}
 j - a scroll of amnesia {unknown}
 m - a scroll of immolation {unknown}
 n - a scroll of teleportation {unknown}
Potions
 e - a potion of flight
 i - 3 potions of mutation {unknown}
 k - 3 potions of curing {unknown}
Comestibles
 f - 5 rations


   Skills:
 + Level 1.1 Fighting
 + Level 1.1 Short Blades
 + Level 2.4 Dodging
 + Level 1.7 Stealth
 + Level 4.2 Evocations


You had 2 spell levels left.
You didn't know any spells.
Your spell library was empty.

Dungeon Overview and Level Annotations

Branches:
Dungeon (2/15)

Altars:
Nemelex Xobeh


Innate Abilities, Weirdness & Mutations

You cannot wear most types of armour.
You are very stealthy in the water. (Stealth+)
You are amphibious.
You can wear up to eight rings at the same time.
You can use your tentacles to constrict eight enemies at once.
Your skin changes colour to match your surroundings (Stealth+).
Your rubbery body absorbs attacks. (AC +1, EV +1)


Message History

The adder poisons you!
You barely miss the adder. You grab the adder. You constrict the adder.
You feel sick. The adder closely misses you. The adder completely misses you.
You hit the adder.
The adder is moderately wounded.
You constrict the adder. You block the adder's attack.
You hit the adder.
The adder is heavily wounded.
You constrict the adder. The adder misses you. The adder bites you.
You barely miss the adder. You squeeze the adder.
You kill the adder!
You feel sick.
Found a robe.
You feel sick.
Found a stone staircase leading down.
Found a stone staircase leading down.
You see here a grey potion.
You feel sick. The worm bites you!
You die...

..... ♣ .....### .
♣......#.## ≈# #.
♣♣.P[.....#########.## .
.P.>.........#.#......
.P...##.............#
..............#.....#
...>...!...@w.......#. ##
###############.........
8###8###⌠###8###8#.##....##
...................# ...#
...................## ....
....................# .#.
8###8##..)##8###8#..# #
#######...#### ###..#
....##8...8# ..##


You could see a worm.

Vanquished Creatures
  A hound skeleton (D:2)
  An adder (D:2)
  A ball python (D:1)
  2 bats (D:1)
  2 goblins
  4 hobgoblins (D:1)
  2 kobolds (D:1)
  2 rats (D:1)
15 creatures vanquished.

Notes
Turn   | Place    | Note
-------+----------+-------------------------------------------
     0 | D:1      | Gordogan the Octopode Artificer began the quest for the
                  | Orb.
     0 | D:1      | Reached XP level 1. HP: 13/13 MP: 3/3
   166 | D:1      | Reached XP level 2. HP: 9/18 MP: 4/4
   954 | D:2      | Found a sparkling altar of Nemelex Xobeh.
   971 | D:2      | Reached skill level 4 in Evocations
   971 | D:2      | Reached XP level 3. HP: 13/23 MP: 4/6
  1042 | D:2      | Slain by a worm

Skill      XL: |  1  2 |
---------------+-------+-----
Evocations     | 4 |  4.2
Fighting       | |  1.1
Short Blades   | |  1.1
Dodging        | |  2.4
Stealth        | |  1.7

Action                   || total
-------------------------++-------
Melee: Short sword       ||    34
       Constrict         ||    12
       Tentacles         ||     8
  Use: Scroll            ||     1
 Stab: Sleeping          ||     3
Armor: Skin              ||     1
Dodge: Dodged            ||    19
Block: Buckler           ||     7
